 Dungeon Crawl Stone Soup version 0.27-a0-1154-gfdeffcb720 (webtiles) character file.

Game seed: 13225320235539389100

3052 polve the Grappler (level 9, -2/68 HPs)
             Began as a Demonspawn Abyssal Knight on May 14, 2021.
             Was an Elder of Lugonu.
             Shot with a sling bullet by Joseph (20 damage)
             ... on level 7 of the Dungeon.
             The game lasted 00:08:17 (8404 turns).

polve the Grappler (Demonspawn Abyssal Knight)      Turns: 8404, Time: 00:08:18

Health: -2/68      AC:  7    Str: 16    XL:     9   Next: 57%
Magic:  12/12      EV:  5    Int: 13    God:    Lugonu [****..]
Gold:   481        SH:  0    Dex: 13    Spells: 8/8 levels left

rFire    . . .     SeeInvis +     - Unarmed
rCold    . . .     Faith    .   (no shield)
rNeg     . . .     Spirit   .   w - +0 plate armour
rPois    .         Reflect  .   (helmet restricted)
rElec    .         Harm     .   (no cloak)
rCorr    .         Rampage  .   (no gloves)
Will     .....                  (no boots)
Stlth    ..........             i - amulet of regeneration
HPRegen  1.21/turn              n - ring of see invisible
MPRegen  0.13/turn              E - +4 ring of slaying

@: corroded, hasted, very quick
A: antennae 2, claws 1, talons 2, foul stench 1, condensation shield
a: Renounce Religion, Depart the Abyss, Bend Space, Banish, Corrupt


You were on level 7 of the Dungeon.
You worshipped Lugonu.
Lugonu was greatly pleased with you.
You visited 1 branch of the dungeon, and saw 7 of its levels.
You visited the Abyss 1 time.
You also visited: Ossuary.

You collected 481 gold pieces.

Inventory:

Hand Weapons
 m - a +2 dagger of speed
Missiles
 a - 5 atropa-tipped darts
 x - 3 boomerangs of dispersal
Armour
 w - a +0 plate armour (worn)
 G - a +0 pair of boots
Jewellery
 i - an amulet of regeneration (around neck)
 n - a ring of see invisible (left claw)
 r - a ring of magical power
 E - a +4 ring of slaying (right claw)
 F - an amulet of the acrobat
Wands
 p - a wand of paralysis (7)
 v - a wand of flame (37)
 D - a wand of iceblast (10)
Scrolls
 c - 2 scrolls of torment
 d - 4 scrolls of enchant weapon
 e - a scroll of enchant armour
 f - 2 scrolls of vulnerability
 g - 3 scrolls of fog
 o - a scroll of brand weapon {unknown}
 s - a scroll of silence {unknown}
 t - 2 scrolls of magic mapping {unknown}
 u - a scroll of holy word {unknown}
 y - a scroll of noise {unknown}
 A - a scroll of amnesia
 B - a scroll of identify
 C - a scroll of summoning {unknown}
Potions
 b - a potion of brilliance {unknown}
 h - 2 potions of flight
 j - a potion of might
 k - 3 potions of mutation
 l - 3 potions of curing
 q - 2 potions of magic {unknown}
 z - 2 potions of haste


   Skills:
 - Level 5.0 Fighting
 - Level 2.5 Short Blades
 - Level 4.0 Armour
 - Level 0.8 Dodging
 - Level 10.4 Unarmed Combat
 + Level 4.9 Invocations


You had 8 spell levels left.
You didn't know any spells.
Your spell library contained the following spells:

 Spells                   Type           Power      Damage    Failure   Level
 Animate Skeleton         Necr           0%         N/A       100%        1
 Apportation              Tloc           0%         N/A       100%        1
 Corona                   Hex            0%         N/A       100%        1
 Sting                    Tmut/Pois      0%         1d3       100%        1
 Summon Small Mammal      Summ           0%         N/A       100%        1
 Poisonous Vapours        Pois/Air       0%         N/A       100%        2
 Ignite Poison            Fire/Tmut/Pois 0%         N/A       100%        3
 Mephitic Cloud           Conj/Pois/Air  0%         N/A       100%        3
 Olgreb's Toxic Radiance  Pois           0%         N/A       100%        4
 Eringya's Noxious Bog    Tmut/Pois      0%         N/A       100%        6


Dungeon Overview and Level Annotations

Branches:
Dungeon (7/15)             Temple (0/1) D:5         Ossuary (visited)

Altars:
Cheibriados
Hepliaklqana
Okawaru
Sif Muna
Uskayaw
Xom
The Shining One

Shops:
D:6 *

Annotations:
D:7 Joseph


Innate Abilities, Weirdness & Mutations

You have a pair of antennae on your head.
You have sharp fingernails.
You have razor-sharp toenails.
You may rarely emit foul miasma when damaged in melee.
A meltable shield of frost defends you. (SH +0)


Message History

The howler monkey hits you but does no damage.
You scratch the howler monkey.
You kill the howler monkey!
Lugonu accepts your kill.
Joseph, a Mercenary comes into view.
He is wielding a +1 spectral quarterstaff and carrying a wand of acid (7).
You closely miss the howler monkey. You claw the howler monkey.
The howler monkey is lightly wounded.
You block the howler monkey's attack.
You barely miss the howler monkey. You claw the howler monkey.
The howler monkey is moderately wounded.
The howler monkey hits you but does no damage.
You mangle the howler monkey!!
You kill the howler monkey!
Lugonu accepts your kill.
Joseph unwields a +1 spectral quarterstaff.
Joseph wields a +2 hunting sling of flaming.
It bursts into flame!
Joseph shoots a sling bullet.
The sling bullet hits you!
Your condensation shield dissipates!
The sling bullet burns you.
You are too injured to fight recklessly!
You are too injured to fight recklessly!
You are too injured to fight recklessly!
You are too injured to fight recklessly!
You are too injured to fight recklessly!
You are too injured to fight recklessly!
Joseph is nearby!
Joseph is nearby!
Joseph zaps a wand.
The bolt of acid hits you. The acid corrodes you!
You are splashed with acid!
You see here a +0 dagger.
Joseph shoots a sling bullet.
The sling bullet hits you! The sling bullet burns you.
Found a dagger.
You feel better.
Joseph shoots a sling bullet.
The sling bullet hits you!
* * * LOW HITPOINT WARNING * * *
The sling bullet burns you.
* * * LOW HITPOINT WARNING * * *
You feel yourself speed up.
Joseph shoots a sling bullet.
The sling bullet hits you!!
You die...

#....#.#...# ..#
#...##.#.#...#. ##
#..## #.#...#...
#. #.# #.........
#. ... ###........
#. ...
##.......... #.
....###...†.......
#. #....).........
#. #.#.#@#........
#. . ###.#........
#. @........## #.
..........# ##
.........#[#
..........#.#
##......### ##
#....)## #. ....


You could see Joseph.

Vanquished Creatures
  A shadow (D:5)
  A yak (D:5)
  A wyvern (D:7)
  A water moccasin (D:5)
  A sky beast (D:6)
  An ice beast (D:5)
  3 black bears
  A necrophage (D:6)
  4 ogres
  3 phantoms (D:5)
  A bullfrog (D:7)
  Blork the orc (D:5)
  3 water moccasin zombies (Ossuary)
  A wyvern zombie (D:6)
  3 howler monkeys
  A crimson imp (D:3)
  A bullfrog zombie (D:5)
  A centaur zombie (D:6)
  2 hounds (D:5)
  2 orc priests (D:5)
  2 jellies
  2 centaur skeletons
  Jessica (D:3)
  3 iguanas
  3 orc wizards
  Natasha (thrice) (D:3)
  A hound skeleton (D:4)
  2 mummies (Ossuary)
  A howler monkey zombie (D:6)
  6 gnolls
  10 adders
  A howler monkey skeleton (D:5)
  An ufetubus (D:6)
  5 adder zombies (Ossuary)
  An adder skeleton (D:5)
  A worm (D:4)
  6 dart slugs
  15 orcs
  2 bats (D:2)
  6 endoplasms
  4 giant cockroaches
  6 hobgoblins
  12 jackals
  2 kobolds (D:1)
  3 quokkas
  7 ball pythons
  A frilled lizard (D:3)
  5 gnoll zombies (Ossuary)
  9 goblins
  A goblin skeleton (D:3)
  A goblin zombie (D:3)
  5 hobgoblin zombies
  A kobold skeleton (D:3)
  4 kobold zombies
  8 orc zombies
  4 rats
178 creatures vanquished.

Notes
Turn   | Place    | Note
-------+----------+-------------------------------------------
     0 | Abyss:1  | polve the Demonspawn Abyssal Knight began the quest for the
                  | Orb.
     0 | Abyss:1  | Reached XP level 1. HP: 18/18 MP: 2/2
    54 | Abyss:1  | Noticed a deep elf demonologist
    57 | Abyss:1  | Noticed a tentacled starspawn
    59 | Abyss:1  | Noticed a shadow demon
    60 | D:1      | Escaped the Abyss
   149 | D:1      | Reached * piety under Lugonu
   285 | D:1      | Gained mutation: You have sharp toenails. [demonic
                  | ancestry]
   285 | D:1      | Reached XP level 2. HP: 24/24 MP: 3/3
   367 | D:1      | Reached skill level 1 in Unarmed Combat
   559 | D:1      | Gained mutation: You may rarely emit foul miasma when
                  | damaged in melee. [demonic ancestry]
   559 | D:1      | Reached XP level 3. HP: 26/29 MP: 4/4
  1070 | D:2      | Reached skill level 2 in Unarmed Combat
  1885 | D:2      | Gained mutation: You have sharp fingernails. [demonic
                  | ancestry]
  1885 | D:2      | Reached XP level 4. HP: 27/31 MP: 5/5
  2105 | D:3      | Reached skill level 3 in Unarmed Combat
  2116 | D:3      | Found a faded altar of an unknown god.
  2136 | D:3      | Reached ** piety under Lugonu
  2317 | D:3      | Noticed Natasha
  2325 | D:3      | Killed Natasha
  2326 | D:3      | Reached skill level 4 in Unarmed Combat
  2326 | D:3      | Gained mutation: You have a pair of small antennae on your
                  | head. [demonic ancestry]
  2326 | D:3      | Reached XP level 5. HP: 31/41 MP: 6/6
  2402 | D:3      | Noticed Natasha
  2408 | D:3      | Killed Natasha
  2437 | D:3      | Noticed Natasha
  2444 | D:3      | Killed Natasha
  2663 | D:3      | Noticed Jessica
  2716 | D:3      | Killed Jessica
  3374 | D:4      | Reached skill level 5 in Unarmed Combat
  3384 | D:4      | Found a sand-covered staircase.
  3396 | D:4      | Reached XP level 6. HP: 38/47 MP: 7/7
  3468 | Ossuary  | Entered an ossuary
  3779 | Ossuary  | Reached skill level 6 in Unarmed Combat
  3965 | Ossuary  | Reached *** piety under Lugonu
  4264 | D:4      | Gained mutation: A meltable shield of frost defends you.
                  | (SH +0) [demonic ancestry]
  4264 | D:4      | Reached XP level 7. HP: 42/52 MP: 8/8
  4676 | D:4      | Reached skill level 7 in Unarmed Combat
  5081 | D:5      | Entered Level 5 of the Dungeon
  5081 | D:5      | Noticed Blork the orc
  5087 | D:5      | Killed Blork the orc
  5235 | D:5      | Found a shimmering blue altar of Sif Muna.
  5245 | D:5      | Reached skill level 8 in Unarmed Combat
  5254 | D:5      | Gained mutation: You have a pair of antennae on your head.
                  | [demonic ancestry]
  5254 | D:5      | Reached XP level 8. HP: 39/58 MP: 9/9
  5679 | D:5      | Reached skill level 9 in Unarmed Combat
  5883 | D:5      | Reached skill level 10 in Unarmed Combat
  6202 | D:5      | Gained mutation: You have razor-sharp toenails. [demonic
                  | ancestry]
  6202 | D:5      | Reached XP level 9. HP: 60/63 MP: 10/10
  6364 | D:5      | Found a staircase to the Ecumenical Temple.
  6376 | D:5      | Identified Desahamy's Almanac of Contamination
  6406 | D:5      | Found a hide-covered altar of Uskayaw.
  6411 | D:5      | Noticed a +0 dagger
  6411 | D:5      | Noticed a +0 hand axe
  6627 | D:6      | Found a hazy altar of Hepliaklqana.
  6627 | D:6      | Found a snail-covered altar of Cheibriados.
  6651 | D:6      | Reached **** piety under Lugonu
  6986 | D:6      | Found Ritijiysm's Assorted Antiques.
  7349 | D:6      | Found a shimmering altar of Xom.
  7662 | D:6      | Found an iron altar of Okawaru.
  7743 | D:6      | Reached skill level 5 in Fighting
  7899 | D:6      | Identified the +3 flail of Doubt {pain, rN+++ MP-9 Str+4
                  | Stlth+}
  8397 | D:7      | Noticed Joseph
  8404 | D:7      | Shot with a sling bullet by Joseph

Illustrated notes

Levels and vault maps discovered:
D:1:      amcnicky_arrival_blooded_trapdoor, layout_rooms
D:2:      layout_basic
D:3:      layout_basic, nicolae_tso_besieged_by_evil,
          hellmonk_ecumenical_altar_run_dry, uniq_natasha, uniq_jessica
D:4:      layout_cave_pools, nicolae_ossuary_entry_false_entrances,
          amethyst_killhole
D:5:      layout_layer_cave, old_standard_altar, nicolae_overflow_hidden_temple,
          dancing_weapons_uskayaw, minmay_temple_entry_offerings,
          minmay_divided_ellipse, uniq_blork_the_orc
D:6:      layout_cave_pods, tgw_xom, nicolae_overflow_crystal_walls, minitemple,
          corexii_hall_statues_x, kennysheep_small_square
D:7:      layout_rooms, minmay_misc_feat_five, uniq_joseph

Skill      XL: |  1  2  3  4  5  6  7  8  9 |
---------------+----------------------------+-----
Short Blades   | 2 |  2.5
Unarmed Combat | 1 2 4 5 6 8 10 | 10.4
Armour         | 4 |  4.0
Fighting       | 5 |  5.0
Invocations    | 4 |  4.9
Dodging        | |  0.8

Action                   |  1- 3 |  4- 6 |  7- 9 || total
-------------------------+-------+-------+-------++-------
Melee: Short sword       |   101 |    64 |       ||   165
       Kick              |    16 |    62 |    78 ||   156
       Unarmed           |       |   180 |   251 ||   431
       Punch             |       |     3 |     9 ||    12
Invok: Depart the Abyss  |     1 |       |       ||     1
       Bend Space        |       |       |     1 ||     1
  Use: Scroll            |       |     7 |     4 ||    11
       Potion            |       |     1 |     4 ||     5
Armor: Leather armour    |    13 |       |       ||    13
       Chain mail        |    25 |   125 |    37 ||   187
       Skin              |       |     2 |     7 ||     9
       Plate armour      |       |       |    97 ||    97
Dodge: Dodged            |    42 |    63 |    33 ||   138
Block: Other             |       |       |    42 ||    42

Table legend: (Time is in decaauts)
 A = Elapsed time spent in this place.
 B = Non-inter-level travel time spent in this place.
 C = Inter-level travel time spent in this place.
 D = Time resting spent in this place.
 E = Time spent auto-exploring this place.
 F = Levels seen in this place.
 G = Mean time per level.
                   A        B        C        D        E       F      G
               +--------+--------+--------+--------+--------+-----+--------+
         Total |   8347 |   8154 |    193 |      0 |   6951 |   9 |  927.4 |
       Dungeon |   7510 |   7317 |    193 |      0 |   6269 |   7 | 1072.9 |
         Abyss |     60 |     60 |      0 |      0 |     52 |   1 |   60.0 |
       Ossuary |    777 |    777 |      0 |      0 |    630 |   1 |  777.0 |
               +--------+--------+--------+--------+--------+-----+--------+

Top non-repeatable levels by time:
     D:6: 1538 daAuts
     D:5: 1301 daAuts
     D:3: 1274 daAuts
     D:2: 1125 daAuts
     D:4: 1071 daAuts
     D:1: 906 daAuts
 Ossuary: 777 daAuts
     D:7: 291 daAuts
 Abyss:1: 60 daAuts
